 Dungeon Crawl Stone Soup version 0.26-a0-491-g70697cc071 (webtiles) character file.

Game seed: 14203697124677489355

40791 KristoblXynda the Grappler (level 13, -3/124 HPs)
             Began as a Troll Hedge Wizard on Aug 5, 2020.
             Was a High Priest of Ashenzari.
             Slain by a hornet (6 damage)
             ... while paralysed by a hornet
             ... on level 6 of the Lair of Beasts.
             The game lasted 00:32:51 (18189 turns).

KristoblXynda the Grappler (Troll Hedge Wizard)    Turns: 18189, Time: 00:32:52

Health: -3/124     AC: 10    Str: 21    XL:     13   Next: 76%
Magic:  15/15      EV:  1    Int: 14    God:    Ashenzari [*****.]
Gold:   1033       SH:  0    Dex: 12    Spells: 8/16 levels left

rFire    . . .     SeeInvis +     - Unarmed
rCold    + . .     Faith    .   (no shield)
rNeg     . . .     Spirit   .   k - +2 robe {MR+} (curse)
rPois    .         Reflect  .   c - +1 hat
rElec    .         Harm     .   C - +0 cloak
rCorr    .         Clarity  +   (gloves unavailable)
MR       +....                  (boots unavailable)
Stlth    ++........             t - amulet of regeneration (curse)
HPRegen  1.10/turn              f - ring of wizardry (curse)
MPRegen  0.14/turn              B - ring "Fenet" {rC+ EV+4 Dex+3}

@: paralysed, lethally poisoned (-3 -> -3)
A: large, unfitting armour, claws 3, regeneration 1, shaggy fur 1, tough skin 3
a: Curse Item, Scrying, Transfer Knowledge, Renounce Religion


You were on level 6 of the Lair of Beasts.
You worshipped Ashenzari.
Ashenzari was extremely pleased with you.
You visited 4 branches of the dungeon, and saw 21 of its levels.
You also visited: Ossuary.

You collected 1033 gold pieces.

Inventory:

Hand Weapons
 K - a +6 morningstar of electrocution
Armour
 c - a +1 hat (worn)
 k - a cursed +2 robe of magic resistance (worn)
 n - +0 steam dragon scales
 C - a +0 cloak (worn)
Jewellery
 f - a cursed ring of wizardry (left claw)
 i - an uncursed ring of positive energy
 s - an uncursed ring of fire
 t - a cursed amulet of regeneration (around neck)
 B - the ring "Fenet" (right claw) {rC+ EV+4 Dex+3}
   (You found it on level 6 of the Dungeon)

   [ring of evasion]

   It affects your evasion (+4).
   It affects your dexterity (+3).
   It protects you from cold.
Wands
 p - a wand of digging (7)
 x - a wand of acid (2)
 z - a wand of iceblast (13)
 D - a wand of paralysis (11)
 G - a wand of clouds (8)
Scrolls
 b - 5 scrolls of teleportation
 g - 5 scrolls of fog
 j - 4 scrolls of amnesia
 m - 6 scrolls of remove curse
 o - a scroll of enchant armour
 r - a scroll of blinking
 y - 3 scrolls of immolation
 L - 3 scrolls of magic mapping
Potions
 a - 9 potions of curing
 d - 2 potions of might
 e - 2 potions of berserk rage
 h - 5 potions of stabbing
 l - a potion of brilliance
 q - 2 potions of mutation
 u - 5 potions of heal wounds
 v - 5 potions of haste
 w - 3 potions of cancellation
 A - a potion of degeneration {unknown}
 E - a potion of resistance
 F - 2 potions of lignification
 J - a potion of flight
 M - a potion of ambrosia


   Skills:
 - Level 7.0 Fighting
 - Level 10.5 Dodging
 - Level 1.0 Stealth
 + Level 11.2 Unarmed Combat
 - Level 2.0 Spellcasting
 + Level 10.4(12.9) Conjurations
   Level 0.6(1.8) Summonings
   Level 0.6(1.8) Translocations
 + Level 5.8(8.5) Evocations


You had 8 spell levels left.
You knew the following spells:

 Your Spells              Type           Power        Failure   Level
a - Fireball              Conj/Fire      ###.......   17%         5
b - Mephitic Cloud        Conj/Pois/Air  ##......     4%          3

Your spell library contained the following spells:

 Spells                   Type           Power        Failure   Level
 Foxfire                  Conj/Fire      ###.         1%          1
 Magic Dart               Conj           ####         1%          1
 Conjure Flame            Conj/Fire      ###.....     1%          3
 Sticky Flame             Conj/Fire      ###.....     6%          4
 Blink                    Tloc           N/A          7%          2
 Call Imp                 Summ           #.......     7%          2
 Sting                    Tmut/Pois      #...         9%          1
 Poisonous Vapours        Pois/Air       #.....       12%         2
 Slow                     Hex            #.......     12%         2
 Ignite Poison            Fire/Tmut/Pois #.......     24%         3
 Inner Flame              Hex/Fire       #.......     24%         3
 Olgreb's Toxic Radiance  Pois           #.......     58%         4


Dungeon Overview and Level Annotations

Branches:
Dungeon (13/15)            Temple (1/1) D:7            Lair (6/6) D:10
  Swamp (0/4) Lair:2       Spider (0/4) Lair:3        Slime (0/5) Lair:5
    Orc (1/2) D:11        Ossuary (visited)
 Vaults: D:13-14

Altars:
Ashenzari
Cheibriados
Dithmenos
Elyvilon
Fedhas
Gozag
Hepliaklqana
Kikubaaqudgha
Makhleb
Nemelex Xobeh
Okawaru
Qazlal
Ru
Sif Muna
Trog
Uskayaw
Vehumet
Wu Jian
Xom
Yredelemnul
Zin
The Shining One
Jiyva


Innate Abilities, Weirdness & Mutations

You are too large for most types of armour.
You have claws for hands.
Your natural rate of healing is unusually fast.
You are covered in fur. (AC +1)
You have extremely tough skin. (AC +3)


Message History

The hornet stings you but does no damage.
The wyvern bites you but does no damage.
The hornet stings you!
* * * LOW HITPOINT WARNING * * *
You suddenly lose the ability to move!
You feel sick. The wyvern bites you.
* * * LOW HITPOINT WARNING * * *
The hornet stings you.
* * * LOW HITPOINT WARNING * * *
You feel yourself slow down.
The wyvern hisses menacingly.
The wyvern bites you!
* * * LOW HITPOINT WARNING * * *
You feel yourself speed up.
You feel sick.
The hornet stings you but does no damage.
The wyvern bites you.
* * * LOW HITPOINT WARNING * * *
The hornet stings you.
You die...

*, * ≈≈ ≈ *,≈≈
≈*≈≈ * , ≈≈ ,≈≈
≈ , ≈≈ *≈ #.≈..≈
, ≈ ≈ #≈≈≈≈≈ #
≈≈≈≈ ##≈.≈≈≈≈#≈
####.P≈#*≈≈#≈ ≈
##@##P..##≈≈#8≈
≈ ≈
###l#yP..≈≈≈≈≈#
** ≈
#........≈≈P≈≈#
≈≈ ≈≈
#.........##≈≈#
≈≈
##..#.##..#.≈≈#
≈≈
#..####..≈≈P≈≈##
**, #..
##..≈≈≈≈≈≈≈ ≈≈
### #..≈##≈≈##≈
*
####.≈#.≈P..≈≈*


You could see a hornet and a wyvern.

Vanquished Creatures
  4 hydras
  A two-headed ogre (D:11)
  A death yak (Lair:4)
  A flayed ghost (D:10)
  2 deep elf magi
  4 cyclopes
  2 centaur zombies
  2 black mambas (Lair:4)
  3 elephants
  Maurice (D:11)
  A torpor snail (Lair:4)
  6 cane toads
  3 rime drakes
  7 komodo dragons
  3 trolls (D:12)
  A polar bear (Lair:3)
  A queen bee (Lair:2)
  22 blink frogs
  2 bog bodies (Lair:2)
  6 dream sheep (Lair:5)
  5 hippogriffs
  A shadow (D:10)
  5 wraiths (D:10)
  3 wyverns
  24 yaks
  14 fire bats (D:10)
  3 basilisks
  A steam dragon (Lair:2)
  Grum (D:9)
  2 swamp worms (Lair:2)
  A soldier ant (D:11)
  15 porcupines
  13 water moccasins
  3 sky beasts (D:11)
  3 black bears
  2 hornet zombies
  A necrophage (D:9)
  5 orc warriors
  3 ice beasts
  A phantom (D:7)
  6 wolves
  5 ogres
  6 centaurs
  3 big kobolds
  9 crocodiles
  15 bullfrogs
  4 water moccasin zombies (Ossuary)
  A wyvern skeleton (D:9)
  3 scorpions
  A water moccasin skeleton (D:10)
  27 killer bees (Lair:2)
  12 wights
  2 howler monkeys (D:9)
  An electric eel (Lair:2)
  A quasit (D:11)
  2 hounds
  4 orc priests
  4 orc wizards
  2 centaur skeletons
  6 jellies
  A bullfrog zombie (D:2)
  2 bullfrog skeletons
  Ijyb (D:3)
  3 iguanas
  9 worker ants
  A killer bee zombie (D:10)
  A hound zombie (D:5)
  2 mummies (Ossuary)
  A hound skeleton (D:5)
  4 gnolls
  14 adders
  2 river rats (Lair:2)
  A shadow imp (D:6)
  2 white imps
  2 ufetubi
  3 oozes
  5 adder zombies
  A worm (D:2)
  5 leopard geckos
  35 orcs
  A ball python (D:2)
  3 giant cockroaches
  2 gnoll zombies (Ossuary)
  9 goblins
  9 hobgoblins
  16 jackals
  16 kobolds
  4 quokkas
  69 bats
  3 frilled lizards
  2 hobgoblin zombies (Ossuary)
  3 kobold zombies (Ossuary)
  2 leopard gecko skeletons
  5 orc zombies (Ossuary)
  9 rats
  A fungus (Lair:2)
542 creatures vanquished.

Vanquished Creatures (others)
  10 fungi
  A plant (D:10)
11 creatures vanquished.

Grand Total: 553 creatures vanquished

Notes
Turn   | Place    | Note
-------+----------+-------------------------------------------
     0 | D:1      | KristoblXynda the Troll Hedge Wizard began the quest for
                  | the Orb.
     0 | D:1      | Reached XP level 1. HP: 16/16 MP: 2/2
   101 | D:1      | Reached skill level 1 in Conjurations
   104 | D:1      | Reached XP level 2. HP: 20/24 MP: 4/4
   147 | D:1      | Reached skill level 1 in Unarmed Combat
   801 | D:1      | Reached XP level 3. HP: 31/31 MP: 5/5
   972 | D:2      | Found a faded altar of an unknown god.
  1562 | D:2      | Reached skill level 2 in Unarmed Combat
  1562 | D:2      | Reached XP level 4. HP: 33/39 MP: 6/6
  1740 | D:3      | Found a shattered altar of Ashenzari.
  1768 | D:3      | Reached XP level 5. HP: 28/45 MP: 7/7
  2030 | D:3      | Became a worshipper of Ashenzari the Shackled
  2190 | D:3      | Noticed Ijyb
  2205 | D:3      | Killed Ijyb
  2305 | D:3      | Found a stormy altar of Qazlal.
  2307 | D:3      | Noticed a fire elemental
  2308 | D:3      | Noticed an air elemental
  2308 | D:3      | Noticed a water elemental
  2402 | D:4      | Reached skill level 3 in Unarmed Combat
  2420 | D:4      | Noticed an ogre
  2438 | D:4      | Killed an ogre
  2438 | D:4      | Reached XP level 6. HP: 22/53 MP: 8/8
  2520 | D:4      | Found a sand-covered staircase.
  2525 | Ossuary  | Entered an ossuary
  2666 | Ossuary  | Reached skill level 4 in Unarmed Combat
  2666 | Ossuary  | Reached XP level 7. HP: 52/59 MP: 9/9
  2861 | D:4      | Learned a level 3 spell: Mephitic Cloud
  2947 | D:4      | Found a basalt altar of Yredelemnul.
  3316 | D:4      | Reached * piety under Ashenzari
  3571 | D:5      | Entered Level 5 of the Dungeon
  3990 | D:5      | Found a white marble altar of Elyvilon.
  4112 | D:6      | Reached skill level 5 in Unarmed Combat
  4135 | D:6      | Reached XP level 8. HP: 37/67 MP: 10/10
  4377 | D:6      | Reached skill level 5 in Dodging
  4839 | D:6      | Identified the ring "Fenet" {rC+ EV+4 Dex+3}
  4977 | D:7      | Reached skill level 6 in Unarmed Combat
  5092 | D:7      | Found a staircase to the Ecumenical Temple.
  5232 | D:7      | Reached ** piety under Ashenzari
  5621 | D:8      | Reached skill level 5 in Conjurations
  5672 | D:8      | Reached XP level 9. HP: 74/74 MP: 11/11
  5901 | D:8      | Reached skill level 1 in Evocations
  6604 | D:8      | Reached skill level 7 in Unarmed Combat
  6731 | D:8      | Noticed an eight-headed hydra
  6879 | D:8      | Killed an eight-headed hydra
  7166 | D:9      | Noticed Grum
  7177 | D:9      | Reached XP level 10. HP: 78/81 MP: 12/12
  7279 | D:9      | Killed Grum
  7279 | D:9      | Reached skill level 8 in Unarmed Combat
  8115 | Temple   | Entered the Ecumenical Temple
  8400 | D:10     | Entered Level 10 of the Dungeon
  8694 | D:10     | Found a staircase to the Lair.
  8897 | D:10     | Reached skill level 1 in Fighting
  8906 | D:10     | Reached skill level 9 in Unarmed Combat
  9027 | D:10     | Found a runed translucent door.
  9094 | D:10     | Found a shadowy altar of Dithmenos.
  9182 | D:10     | Found a bloodstained altar of Trog.
  9221 | D:10     | Found a burning altar of Makhleb.
  9265 | D:10     | Found a sacrificial altar of Ru.
  9279 | D:10     | Reached XP level 11. HP: 81/92 MP: 13/13
  9318 | D:10     | Noticed a flayed ghost
  9574 | D:10     | Found a sacrificial altar of Ru.
  9640 | D:10     | Found a shimmering altar of Xom.
  9707 | D:10     | Killed a flayed ghost
  9755 | D:10     | Learned a level 5 spell: Fireball
  9891 | D:11     | Noticed a two-headed ogre
  9899 | D:11     | Killed a two-headed ogre
  9913 | D:11     | Reached *** piety under Ashenzari
  9936 | D:11     | Noticed a deep elf mage
  9950 | D:11     | Killed a deep elf mage
  9989 | D:11     | Reached skill level 10 in Unarmed Combat
 10055 | D:11     | Found a staircase to the Orcish Mines.
 10061 | D:11     | Noticed Maurice
 10072 | D:11     | Killed Maurice
 10875 | Orc:1    | Entered Level 1 of the Orcish Mines
 11029 | D:12     | Reached skill level 5 in Fighting
 11029 | D:12     | Reached XP level 12. HP: 104/110 MP: 14/14
 11916 | D:13     | Reached **** piety under Ashenzari
 12010 | Lair:1   | Entered Level 1 of the Lair of Beasts
 12517 | Lair:1   | Reached skill level 10 in Dodging
 13878 | Lair:2   | Found a staircase to the Swamp.
 14195 | Lair:2   | Reached XP level 13. HP: 97/124 MP: 15/15
 15124 | Lair:3   | Found a hole to the Spider Nest.
 15172 | Lair:3   | Reached ***** piety under Ashenzari
 15998 | Lair:4   | Reached skill level 10 in Conjurations
 16151 | Lair:4   | Reached skill level 5 in Evocations
 17176 | Lair:5   | Reached skill level 11 in Unarmed Combat
 17967 | Lair:5   | Found a runed translucent door.
 17968 | Lair:5   | Found a viscous altar of Jiyva.
 17968 | Lair:5   | Found a staircase to the Slime Pits.
 18140 | Lair:6   | Entered Level 6 of the Lair of Beasts
 18187 | Lair:6   | Paralysed by a hornet for 3 turns
 18188 | Lair:6   | HP: 4/124 [wyvern (17)]
 18189 | Lair:6   | Slain by a hornet

Illustrated notes

Levels and vault maps discovered:
D:1:      giann_bridges, layout_basic, hangedman_decor_push
D:2:      layout_basic, chequers_ecumenical_altar_simple_redux,
          kennysheep_decorative_pillar, grunt_decor_one_mirror
D:3:      layout_basic, nicolae_qazlal_style_of_elements,
          nicolae_ashenzari_panopticon, uniq_ijyb
D:4:      layout_cave_pods, nicolae_ossuary_entry_plus,
          yredelemnul_altar_generic
D:5:      layout_basic, basic_altar, minivault_14,
          hangedman_abyss_or_decor_stabs
D:6:      layout_rooms, kennysheep_generic_room_9
D:7:      layout_gridville, minmay_temple_entry_large_hall,
          ebering_dispersal_statue_hall
D:8:      kennysheep_windowed_halls, layout_cave_pods
D:9:      layout_basic, uniq_grum
D:10:     due_megacathedral, layout_basic, grunt_lair_entry_orc_guard_hut
D:11:     layout_gridville, orc_0_dummy, uniq_maurice
D:12:     layout_cave_pods
D:13:     layout_small_grid
Temple:   roderic_octagonal_lattice_temple
Lair:1:   layout_cave_pods
Lair:2:   regret_index_combs_of_tragedy, layout_loops_ring,
          nicolae_swamp_entry_splash_gauntlet, serial_bayou_crossing,
          serial_bayou_shore_b
Lair:3:   layout_chaotic_city, spider_nest_entry_web_field, lemuel_fruit_fields,
          grunt_megastairs_2
Lair:4:   layout_regular_city
Lair:5:   layout_misc_corridors, slime_altar_2, nicolae_lair_grove_arrangements,
          minmay_stone_trees_small, lemuel_fruit_tree, lemuel_fruit_fields
Lair:6:   gammafunk_lair_ancient_temple, layout_cave_pods,
          minmay_lair_drake_nest, lemuel_fruit_fields, serial_bayou_shore_a
Orc:1:    layout_caves, ebering_ghost_rock_garden

Skill      XL: |  1  2  3  4  5  6  7  8  9 10 11 12 13 |
---------------+----------------------------------------+-----
Conjurations   | 1 2 3 4 5 6 7 8 9 10 | 10.4
Unarmed Combat | 1 2 3 4 5 6 7 9 10 11 | 11.2
Dodging        | 2 3 4 5 6 8 9 10 | 10.5
Evocations     | 3 5 |  5.8
Fighting       | 2 5 7 |  7.0
Stealth        | |  1.0
Spellcasting   | |  2.0
Summonings     | |  0.6
Translocations | |  0.6

Action                   |  1- 3 |  4- 6 |  7- 9 | 10-12 | 13-15 || total
-------------------------+-------+-------+-------+-------+-------++-------
Melee: Unarmed           |   162 |   173 |   363 |  1128 |   449 ||  2275
       Punch             |       |     2 |     8 |    51 |    25 ||    86
       Morningstar       |       |       |       |       |    10 ||    10
 Cast: Magic Dart        |       |       |     3 |       |       ||     3
       Mephitic Cloud    |       |       |     1 |       |       ||     1
Invok: Curse Item        |       |     2 |       |     1 |       ||     3
Evoke: Wand              |       |       |     7 |    13 |    13 ||    33
  Use: Scroll            |       |       |    16 |     7 |    11 ||    34
       Potion            |       |       |     1 |     3 |       ||     4
 Stab: Sleeping          |     3 |       |     5 |     4 |     2 ||    14
       Distracted        |       |       |     1 |       |       ||     1
       Paralysed         |       |       |       |     5 |     7 ||    12
Armor: Robe              |    75 |    56 |   102 |   242 |    89 ||   564
Dodge: Dodged            |    91 |    85 |   243 |   956 |   432 ||  1807

Table legend: (Time is in decaauts)
 A = Elapsed time spent in this place.
 B = Non-inter-level travel time spent in this place.
 C = Inter-level travel time spent in this place.
 D = Time resting spent in this place.
 E = Time spent auto-exploring this place.
 F = Levels seen in this place.
 G = Mean time per level.
                   A        B        C        D        E       F      G
               +--------+--------+--------+--------+--------+-----+--------+
         Total |  17918 |  16995 |    923 |   2831 |   9117 |  22 |  814.5 |
       Dungeon |  11333 |  10613 |    720 |   1421 |   5985 |  13 |  871.8 |
        Temple |    229 |    210 |     19 |      0 |    209 |   1 |  229.0 |
          Lair |   6065 |   5882 |    183 |   1332 |   2923 |   6 | 1010.8 |
  Orcish Mines |      1 |      1 |      0 |      0 |      0 |   1 |    1.0 |
       Ossuary |    288 |    288 |      0 |     78 |      0 |   1 |  288.0 |
               +--------+--------+--------+--------+--------+-----+--------+

Top non-repeatable levels by time:
  Lair:2: 1780 daAuts
     D:8: 1478 daAuts
    D:10: 1414 daAuts
  Lair:5: 1120 daAuts
  Lair:1: 1114 daAuts
  Lair:4: 1069 daAuts
    D:11: 1041 daAuts
     D:9: 1005 daAuts
    D:12: 975 daAuts
     D:1: 971 daAuts
  Lair:3: 932 daAuts
     D:4: 883 daAuts
     D:6: 818 daAuts
     D:7: 775 daAuts
     D:2: 764 daAuts
